 Dungeon Crawl Stone Soup version 0.31-a0-188-g5e087ee2ca (webtiles) character file.

Game seed: 2219483165150374127

176 qw the Skirmisher (level 5, -1/29 HPs)
             Began as a Deep Elf Hunter on June 23, 2023.
             Slain by a kobold brigand
             ... wielding a +0 short sword of protection
              (4 damage)
             ... in a sewer.
             The game lasted 00:00:46 (2389 turns).

qw the Skirmisher (Deep Elf Hunter)                 Turns: 2389, Time: 00:00:47

Health: -1/29      AC:  5    Str: 10    XL:     5   Next: 30%
Magic:  7/7        EV: 11    Int: 14    God:
Gold:   208        SH:  0    Dex: 18    Spells: 4/4 levels left

rFire   . . .        Y - +1 shortbow
rCold   . . .        (shield currently unavailable)
rNeg    . . .        g - +0 ring mail
rPois   .            (no helmet)
rElec   .            (no cloak)
rCorr   .            (no gloves)
SInv    .            (no boots)
Will    .....        (no amulet)
Stlth   +            (no ring)
HPRegen 0.24/turn    (no ring)
MPRegen 0.10/turn

%: no passive effects
@: no status effects
A: no striking features
a: no special abilities


You were in a sewer.
You visited 1 branch of the dungeon, and saw 3 of its levels.
You also visited: Sewer.

You collected 208 gold pieces.


   Skills:
 - Level 1.5 Fighting
 + Level 8.8 Ranged Weapons
 - Level 2.4 Dodging
 - Level 1.2 Stealth


You had 4 spell levels left.
You didn't know any spells.
Your spell library was empty.

Inventory:

Hand Weapons
 Y - a +1 shortbow (weapon)
Armour
 g - a +0 ring mail (worn)
Scrolls
 a - a scroll of identify
Potions
 b - a potion of resistance
 d - a potion of mutation {unknown}
 e - 2 potions of haste {unknown}

Dungeon Overview and Level Annotations

Branches:
Dungeon (3/15)              Sewer (1/1)

Altars:


Message History

You shoot an arrow.
The arrow hits the kobold brigand but does no damage.
The kobold brigand is lightly wounded.
You feel sick.
You shoot an arrow.
The arrow closely misses the kobold brigand.
You feel sick.
You shoot an arrow.
The arrow barely misses the kobold brigand.
You feel sick.
You shoot an arrow. The arrow hits the kobold brigand.
The kobold brigand is moderately wounded.
You feel sick.
The kobold brigand splashes around in the water.
The kobold brigand hits you with a +0 short sword of protection!
You shoot an arrow.
The arrow completely misses the kobold brigand.
You feel sick. The kobold brigand barely misses you.
You shoot an arrow.
The arrow closely misses the kobold brigand.
You feel sick.
You are no longer poisoned.
The kobold brigand closely misses you.
You shoot an arrow.
The arrow hits the kobold brigand but does no damage.
The kobold brigand is moderately wounded.
The kobold brigand barely misses you.
You shoot an arrow.
The arrow closely misses the kobold brigand.
The kobold brigand hits you with a +0 short sword of protection.
You shoot an arrow. The arrow hits the kobold brigand.
The kobold brigand is heavily wounded.
The kobold brigand splashes around in the water.
You shoot an arrow.
The arrow barely misses the kobold brigand.
The kobold brigand hits you but does no damage.
You shoot an arrow.
The arrow closely misses the kobold brigand.
The kobold brigand hits you with a +0 short sword of protection.
You die...

#. !#.#.#
#.#.#.#. #~
~#~#~# #~#~#~#~
#~ ~#~#~#
#~#~#~#~ ~#~#~#~#
#~#~#~#~ ~.~#~~~#
#..~#~~~ #.###~##
##~###~# #.# #%#
#.# #.# #K###.#
#~###~# #~@~.~#
#~~~~~# ##~~~##
##~~.## #.~~#
#.~~# #~~.# #...#
#~..## ##.~.#
#~.~.## ##~~~~#
#~~~..#####~.~~~#
##..~.~~~~~~~..##
###~~~~.~~~.###


You could see a kobold brigand.

Vanquished Creatures
  Jessica (D:2)
  4 gnolls (D:2)
  5 adders
  4 worms
  A dart slug (D:3)
  2 orcs (D:3)
  6 ball pythons
  3 endoplasms
  A giant cockroach (D:1)
  6 goblins
  A hobgoblin (D:1)
  6 jackals
  2 kobolds (D:1)
  A quokka (D:1)
  3 bats (D:3)
  6 frilled lizards
  3 rats
55 creatures vanquished.

Notes
Turn   | Place    | Note
-------+----------+-------------------------------------------
     0 | D:1      | qw the Deep Elf Hunter began the quest for the Orb.
     0 | D:1      | Reached XP level 1. HP: 12/12 MP: 3/3
     0 | D:1      | 0 ||| qw: Version: 0.3-a-9-g12657ce
     0 | D:1      | 0 ||| qw: Game counter: 4232
     0 | D:1      | 0 ||| qw: Always use a shield: true
     0 | D:1      | 0 ||| qw: God list: Okawaru
     0 | D:1      | 0 ||| qw: Allow faded altars: false
     0 | D:1      | 0 ||| qw: Do Orc after D:15 true
     0 | D:1      | 0 ||| qw: Do second Lair branch before Depths: true
     0 | D:1      | 0 ||| qw: Lair rune preference: random
     0 | D:1      | 0 ||| qw: Plans: Normal
     0 | D:1      | 0 ||| PLANNING D:1-11
   195 | D:1      | Reached skill level 6 in Ranged Weapons
   195 | D:1      | Reached XP level 2. HP: 16/16 MP: 4/4
   304 | D:1      | Found a faded altar of an unknown god.
   305 | D:1      | Noticed a great orb of eyes
   309 | D:1      | Noticed a shining eye
   313 | D:1      | Noticed a shining eye
   313 | D:1      | Noticed a great orb of eyes
   791 | D:1      | 791 ||| READING scroll labelled SAMMEF DAMEJUQ.
   792 | D:1      | 792 ||| READING scroll labelled NASHRO RORO.
   893 | D:1      | 893 ||| READING scroll labelled JOSTAOFENG.
   894 | D:1      | 894 ||| DRINKING 2 dark potions.
   943 | D:1      | 943 ||| DROPPING scroll of butterflies.
   944 | D:1      | 944 ||| DROPPING potion of lignification.
   997 | D:2      | Noticed Jessica
  1006 | D:2      | Killed Jessica
  1007 | D:2      | Reached skill level 7 in Ranged Weapons
  1007 | D:2      | Reached XP level 3. HP: 20/20 MP: 5/5
  1154 | D:2      | HP: 4/20 [worm (9)]
  1367 | D:2      | 1367 ||| Stepping ~*~*~tactically~*~*~ (outnumbered).
  1373 | D:2      | Reached XP level 4. HP: 25/25 MP: 6/6
  1435 | D:2      | Reached skill level 8 in Ranged Weapons
  1594 | D:2      | 1594 ||| UPGRADING to +0 ring mail.
  1604 | D:2      | 1604 ||| DROPPING +0 leather armour.
  1605 | D:2      | 1605 ||| DROPPING amulet of magic regeneration.
  1606 | D:2      | 1606 ||| READING 4 scrolls labelled ZUANOS SAFENK.
  1607 | D:2      | 1607 ||| READING scroll labelled VYVISO SOLEJEHYADGH.
  1608 | D:2      | 1608 ||| READING 3 scrolls of identify.
  1608 | D:2      | 1608 ||| IDENTIFYING sapphire potion
  1609 | D:2      | 1609 ||| READING 2 scrolls of identify.
  1609 | D:2      | 1609 ||| IDENTIFYING viscous ruby potion
  1610 | D:2      | 1610 ||| DROPPING potion of brilliance.
  1611 | D:2      | 1611 ||| DROPPING potion of attraction.
  1636 | D:3      | 1636 ||| PLANNING SEWER
  2066 | D:3      | Reached XP level 5. HP: 29/29 MP: 7/7
  2168 | D:3      | 2168 ||| DROPPING +3 sling.
  2262 | D:3      | Found a glowing drain.
  2263 | D:3      | 2263 ||| READING 2 scrolls of identify.
  2263 | D:3      | 2263 ||| IDENTIFYING fuming emerald potion
  2272 | Sewer    | Entered a sewer
  2294 | Sewer    | 2294 ||| Stepping ~*~*~tactically~*~*~ (water).
  2321 | Sewer    | 2321 ||| Stepping ~*~*~tactically~*~*~ (water).
  2373 | Sewer    | 2373 ||| Stepping ~*~*~tactically~*~*~ (water).
  2382 | Sewer    | HP: 6/29 [kobold brigand/+0 short sword of protection (8)]
  2386 | Sewer    | HP: 2/29 [kobold brigand/+0 short sword of protection (3)]
  2389 | Sewer    | Slain by a kobold brigand

Levels and vault maps discovered:
D:1:      minmay_arrival_floating_metal, layout_basic,
          hellmonk_ecumenical_altar_watching_god
D:2:      layout_basic, uniq_jessica
D:3:      layout_loops_corners, portal_sewer_entry_d
Sewer:    sewer_co_tree

Skill      XL: |  1  2  3  4 |
---------------+-------------+-----
Ranged Weapons | 6 7 8 |  8.8
Fighting       | |  1.5
Dodging        | |  2.4
Stealth        | |  1.2

Action                     |  1- 3 |  4- 6 || total
---------------------------+-------+-------++-------
   Fire: Shortbow          |    66 |   103 ||   169
    Use: Scroll            |     3 |     5 ||     8
         Potion            |     1 |       ||     1
 Armour: Leather armour    |     1 |       ||     1
         Ring mail         |       |     6 ||     6
  Dodge: Dodged            |     7 |    23 ||    30

Table legend:
 A = Non-vault XP
 B = Vault XP
 C = Vault XP percentage of total XP
 D = Non-vault monster count
 E = Vault monster count
 F = Vault count percentage of total count
                 A         B        C        D         E       F
            +---------+---------+-------+---------+---------+-------
      Total |     174 |      78 |  31.0 |      48 |       7 |  12.7
            +---------+---------+-------+---------+---------+-------
        D:1 |      27 |       0 |   0.0 |      16 |       0 |   0.0
        D:2 |      94 |      37 |  28.2 |      11 |       1 |   8.3
        D:3 |      53 |      14 |  20.9 |      21 |       1 |   4.5
      Sewer |       0 |      27 | 100.0 |       0 |       5 | 100.0
            +---------+---------+-------+---------+---------+-------
